[Event "XII Paracin Festival 2019"]
[Site "Paracin"]
[Date "2019.07.11"]
[Round "8.5"]
[White "Peng, Xiongjian"]
[Black "Perunovic, Milos"]
[Result "1/2-1/2"]
[ECO "A63"]
[WhiteElo "2467"]
[BlackElo "2597"]
[Annotator "ChessBase"]
[PlyCount "57"]
[EventDate "2019.07.05"]
[EventType "swiss"]
[EventCountry "SRB"]
[SourceTitle "playchess.com"]
[Source "ChessBase"]
[SourceQuality "1"]
[TimeControl "5400+30"]

1. d4 Nf6 2. Nf3 e6 3. c4 c5 4. d5 d6 5. Nc3 exd5 6. cxd5 g6 7. g3 Bg7 8. Bg2 O-O 9. O-O Nbd7 10. Nd2 Nh5 11. Nb5 Ndf6 12. a4 a6 13. Nc3 Ng4 14. h3 Ne5 15. Nf3 Nxf3+ 16. exf3 f5 17. f4 Bd7 18. a5 b5 19. axb6 Qxb6 20. Qc2 Rfe8 21. Bf3 Rab8 22. Ra3 a5 23. Kg2 Nf6 24. Rd1 Qb4 25. Na2 Qb6 26. Nc3 Qb4 27. Na2 Qb6 28. Nc3 Qb4 29. Na2 1/2-1/2

[Event "XII Paracin Festival 2019"]
[Site "Paracin"]
[Date "2019.07.11"]
[Round "8.6"]
[White "Sanal, Vahap"]
[Black "Janzelj, Tim"]
[Result "1/2-1/2"]
[ECO "B13"]
[WhiteElo "2520"]
[BlackElo "2416"]
[Annotator "ChessBase"]
[PlyCount "172"]
[EventDate "2019.07.05"]
[EventType "swiss"]
[EventCountry "SRB"]
[SourceTitle "playchess.com"]
[Source "ChessBase"]
[SourceQuality "1"]
[TimeControl "5400+30"]

1. e4 c6 2. d4 d5 3. exd5 cxd5 4. c4 Nf6 5. Nc3 Nc6 6. Bg5 e6 7. Nf3 Be7 8. c5 Ne4 9. Be3 O-O 10. Rc1 Bf6 11. Bb5 Bd7 12. O-O Nxc3 13. Rxc3 Nxd4 14. Nxd4 Bxd4 15. Bxd4 Bxb5 16. Qg4 e5 17. Bxe5 f6 18. Bd6 Re8 19. Rfc1 Qd7 20. Qd1 Qf5 21. a4 Bc4 22. b3 Be2 23. Qd2 Re6 24. Re3 Rxe3 25. Qxe3 Bh5 26. f3 Re8 27. Qd2 Qe6 28. b4 a6 29. b5 axb5 30. axb5 Bf7 31. Bg3 Rc8 32. Bf2 Qd7 33. Rb1 Bg6 34. Rb2 Ra8 35. Qc1 d4 36. c6 bxc6 37. bxc6 Qd5 38. c7 Rc8 39. Rb8 Bf5 40. Qa3 d3 41. Qe7 Qd7 42. Rxc8+ Qxc8 43. g4 Bd7 44. Bg3 h6 45. Qd6 Qe8 46. Qxd3 Qe6 47. h3 Qb6+ 48. Kg2 Qe6 49. Qc3 Qe2+ 50. Bf2 Qe6 51. Bd4 h5 52. Kf2 hxg4 53. hxg4 Bc8 54. Be3 Kf7 55. Qd4 Bd7 56. Bf4 Qa2+ 57. Bd2 Qe6 58. Qa7 Bc8 59. Bb4 Qe5 60. Bc5 Qh2+ 61. Kf1 Qh1+ 62. Ke2 Qh2+ 63. Bf2 Qe5+ 64. Kf1 Qd5 65. Kg2 Qe6 66. Qd4 Bd7 67. Be3 Qa2+ 68. Kg3 Qe6 69. Qc5 Bc8 70. Bd2 Qe7 71. Qd5+ Qe6 72. Qd8 Qe5+ 73. f4 Qe6 74. f5 Qb3+ 75. Kf2 Qb6+ 76. Be3 Qb2+ 77. Ke1 Qc3+ 78. Kf2 Qb2+ 79. Bd2 Qb6+ 80. Kg2 Bb7+ 81. Kh3 Qc6 82. Bf4 Qh1+ 83. Kg3 Qg2+ 84. Kh4 Qh1+ 85. Kg3 Qf3+ 86. Kh4 Qh1+ 1/2-1/2

[Event "XII Paracin Festival 2019"]
[Site "Paracin"]
[Date "2019.07.11"]
[Round "8.7"]
[White "Avalyan, Artur"]
[Black "Tan, Justin"]
[Result "0-1"]
[ECO "E55"]
[WhiteElo "2351"]
[BlackElo "2513"]
[Annotator "ChessBase"]
[PlyCount "120"]
[EventDate "2019.07.05"]
[EventType "swiss"]
[EventCountry "SRB"]
[SourceTitle "playchess.com"]
[Source "ChessBase"]
[SourceQuality "1"]
[TimeControl "5400+30"]

1. d4 Nf6 2. c4 e6 3. Nc3 Bb4 4. e3 O-O 5. Bd3 c5 6. Nf3 d5 7. O-O dxc4 8. Bxc4 Nbd7 9. Qe2 cxd4 10. exd4 Nb6 11. Bd3 Bd7 12. Bg5 Bc6 13. Ne5 h6 14. Bxf6 Qxf6 15. Ne4 Qd8 16. Nxc6 bxc6 17. a3 Be7 18. Rac1 Qxd4 19. Rxc6 Nd5 20. Rc4 Qb6 21. Nc3 Nxc3 22. Rxc3 Bf6 23. Rc2 Rfd8 24. g3 a5 25. Rd1 Rd4 26. Rdc1 Rad8 27. Bc4 Bg5 28. Rf1 Rd2 29. Qe4 Rxc2 30. Qxc2 Rd2 31. Qa4 g6 32. Qb5 Qxb5 33. Bxb5 Rxb2 34. a4 Bd2 35. Bc4 e5 36. Ra1 Bc3 37. Ra2 Rb4 38. Bb5 Bb2 39. Kf1 f5 40. Ke2 Kf7 41. h4 Ke6 42. Kd3 Kd5 43. Be8 g5 44. hxg5 hxg5 45. Kc2 Bd4 46. Kd1 Bc3 47. Rc2 Kd4 48. Ke2 Rb1 49. f3 Rh1 50. Bd7 e4 51. Bxf5 Rh2+ 52. Kd1 Rxc2 53. Kxc2 exf3 54. Bg4 Ke3 55. Kxc3 Kf2 56. Kd2 Kxg3 57. Be6 f2 58. Bc4 Kg2 59. Ke3 g4 60. Be2 g3 0-1

[Event "XII Paracin Festival 2019"]
[Site "Paracin"]
[Date "2019.07.11"]
[Round "8.8"]
[White "Vishnu Prasanna. V"]
[Black "Ratkovic, Milovan"]
[Result "1/2-1/2"]
[ECO "B12"]
[WhiteElo "2505"]
[BlackElo "2407"]
[Annotator "ChessBase"]
[PlyCount "84"]
[EventDate "2019.07.05"]
[EventType "swiss"]
[EventCountry "SRB"]
[SourceTitle "playchess.com"]
[Source "ChessBase"]
[SourceQuality "1"]
[TimeControl "5400+30"]

1. e4 c6 2. d4 d5 3. e5 Bf5 4. Be3 e6 5. Nd2 Nd7 6. f4 Bg6 7. Ngf3 Ne7 8. Bf2 Rc8 9. c3 c5 10. dxc5 Nxc5 11. Nb3 Nd7 12. a4 Nc6 13. a5 a6 14. Be2 Be7 15. O-O O-O 16. Be3 Qe8 17. Kh1 f6 18. exf6 Rxf6 19. Qd2 Bd6 20. c4 Kh8 21. c5 Bb8 22. Nfd4 e5 23. Nxc6 Rcxc6 24. Bg4 exf4 25. Bxd7 Qxd7 26. Bxf4 Qf7 27. g3 Be4+ 28. Kg1 Bxf4 29. Rxf4 Rxf4 30. Qxf4 Qxf4 31. gxf4 Rg6+ 32. Kf2 Rg2+ 33. Ke3 Rxb2 34. Nd4 Rxh2 35. c6 Rh3+ 36. Kf2 bxc6 37. Rc1 h6 38. Rxc6 Rd3 39. Ne6 Rf3+ 40. Ke1 Re3+ 41. Kf2 Rf3+ 42. Ke1 Re3+ 1/2-1/2

[Event "XII Paracin Festival 2019"]
[Site "Paracin"]
[Date "2019.07.11"]
[Round "8.9"]
[White "Asadli, Vugar"]
[Black "Baglan, Esat"]
[Result "1/2-1/2"]
[ECO "B23"]
[WhiteElo "2502"]
[BlackElo "2336"]
[Annotator "ChessBase"]
[PlyCount "86"]
[EventDate "2019.07.05"]
[EventType "swiss"]
[EventCountry "SRB"]
[SourceTitle "playchess.com"]
[Source "ChessBase"]
[SourceQuality "1"]
[TimeControl "5400+30"]

1. e4 c5 2. Nc3 d6 3. Bb5+ Bd7 4. Bxd7+ Qxd7 5. d4 cxd4 6. Qxd4 Nc6 7. Qd3 g6 8. Nf3 Bg7 9. O-O Nf6 10. Bg5 O-O 11. Rad1 h6 12. Bc1 Rfd8 13. Nd5 Ne8 14. Rfe1 Rac8 15. Qa3 e6 16. Ne3 Qe7 17. b4 b5 18. c4 bxc4 19. Nxc4 Nd4 20. Nxd4 Rxc4 21. Nb3 Rdc8 22. b5 Qd7 23. e5 d5 24. Nd4 Bf8 25. Qb3 a6 26. a3 axb5 27. Nxb5 Qb7 28. Bd2 Nc7 29. a4 Nxb5 30. axb5 Bb4 31. Rf1 Bxd2 32. Rxd2 Rc3 33. Qb4 R8c4 34. Qb1 Qb6 35. h3 Rc5 36. Rb2 d4 37. Qe4 Rxb5 38. Rxb5 Qxb5 39. Qxd4 Qd3 40. Qf4 Qf5 41. Qxh6 Qxe5 42. Rd1 Rc8 43. Qh4 Kg7 1/2-1/2

[Event "XII Paracin Festival 2019"]
[Site "Paracin"]
[Date "2019.07.11"]
[Round "8.10"]
[White "Milosevic, Milos"]
[Black "Stojanovic, Mihajlo"]
[Result "0-1"]
[ECO "C11"]
[WhiteElo "2312"]
[BlackElo "2483"]
[Annotator "ChessBase"]
[PlyCount "40"]
[EventDate "2019.07.05"]
[EventType "swiss"]
[EventCountry "SRB"]
[SourceTitle "playchess.com"]
[Source "ChessBase"]
[SourceQuality "1"]
[TimeControl "5400+30"]

1. e4 e6 2. d4 d5 3. Nc3 Nf6 4. Bg5 dxe4 5. Nxe4 Be7 6. Bxf6 gxf6 7. Nf3 b6 8. g3 Bb7 9. Nc3 Nc6 10. Rg1 Qd6 11. Qd2 O-O-O 12. O-O-O e5 13. d5 Nb4 14. Nh4 Nxd5 15. Nf5 Qe6 16. Nxd5 Bxd5 17. Bh3 Kb8 18. Qh6 Be4 19. Nd4 Qxa2 20. Nb3 Ba3 0-1

[Event "XII Paracin Festival 2019"]
[Site "Paracin"]
[Date "2019.07.11"]
[Round "8.11"]
[White "Kosic, Dragan"]
[Black "Maksimovic, Bojan"]
[Result "1/2-1/2"]
[ECO "B06"]
[WhiteElo "2482"]
[BlackElo "2326"]
[Annotator "ChessBase"]
[PlyCount "105"]
[EventDate "2019.07.05"]
[EventType "swiss"]
[EventCountry "SRB"]
[SourceTitle "playchess.com"]
[Source "ChessBase"]
[SourceQuality "1"]
[TimeControl "5400+30"]

1. d4 g6 2. e4 Bg7 3. c3 d6 4. Bg5 Nf6 5. Nd2 Nbd7 6. Ngf3 e5 7. dxe5 dxe5 8. Bc4 O-O 9. O-O Qe7 10. Re1 h6 11. Bh4 c6 12. a4 a5 13. Qb3 Nc5 14. Qa3 Re8 15. Bf1 Qf8 16. Rad1 Bg4 17. h3 Bxf3 18. gxf3 Ne6 19. Qxf8+ Kxf8 20. Nc4 Ng5 21. Re3 Nh5 22. Bg3 Nf4 23. Bxf4 exf4 24. Red3 Ne6 25. Nb6 Rad8 26. Nd7+ Ke7 27. h4 Bd4 28. cxd4 Rxd7 29. d5 Nc5 30. Rd4 Red8 31. Kh2 cxd5 32. exd5 g5 33. Bc4 Rd6 34. b3 Kf6 35. Re1 Rb6 36. Rdd1 Rdd6 37. Re8 Rb4 38. Rc8 Nxb3 39. Rd3 Na1 40. Bb5 Nb3 41. Rc7 Nd4 42. Be8 Rxd5 43. Rxf7+ Ke5 44. Re7+ Kf6 45. Rh7 gxh4 46. Rxh6+ Ke7 47. Bb5 Rf5 48. Rh7+ Rf7 49. Rh5 Rf5 50. Rh7+ Rf7 51. Rh5 Rf5 52. Rh7+ Rf7 53. Rh5 1/2-1/2

[Event "XII Paracin Festival 2019"]
[Site "Paracin"]
[Date "2019.07.11"]
[Round "8.12"]
[White "Lazov, Toni"]
[Black "Petrov, Martin"]
[Result "0-1"]
[ECO "B90"]
[WhiteElo "2313"]
[BlackElo "2480"]
[Annotator "ChessBase"]
[PlyCount "124"]
[EventDate "2019.07.05"]
[EventType "swiss"]
[EventCountry "SRB"]
[SourceTitle "playchess.com"]
[Source "ChessBase"]
[SourceQuality "1"]
[TimeControl "5400+30"]

1. e4 c5 2. Nf3 d6 3. d4 cxd4 4. Nxd4 Nf6 5. Nc3 a6 6. Bc4 e6 7. Bb3 Nbd7 8. f4 Nc5 9. O-O Nfxe4 10. Nxe4 Nxe4 11. f5 e5 12. Qh5 d5 13. Re1 Bc5 14. Rxe4 Bxd4+ 15. Rxd4 Qb6 16. c3 exd4 17. Qe2+ Kd8 18. Qf2 Re8 19. cxd4 f6 20. h3 Bd7 21. Bxd5 Qb5 22. Bf3 Bxf5 23. Qg3 Qd7 24. Bd2 Qxd4+ 25. Kh2 Qxd2 26. Rd1 Qxd1 27. Bxd1 Re7 28. Qd6+ Ke8 29. Qd5 Be6 30. Qh5+ g6 31. Qh4 Rd8 32. Bf3 Rf7 33. Qe4 Re7 34. Qh4 f5 35. Qf6 Bd5 36. Qh8+ Kd7 37. Qd4 Ke6 38. Qe3+ Kf7 39. Qb6 Ke8 40. Bxd5 Rxd5 41. a4 Rde5 42. b4 Kf7 43. Qd8 Kg7 44. Qd4 h6 45. Qc3 Kh7 46. Qd4 Re4 47. Qd6 h5 48. b5 axb5 49. axb5 Kg7 50. Qd2 h4 51. Qc3+ Kh7 52. Qf6 Kh6 53. Qh8+ Rh7 54. Qf6 Rd7 55. Qc3 Rd1 56. Qf6 Kh5 57. g4+ hxg3+ 58. Kxg3 Rd3+ 59. Kf2 Rxh3 60. Qg7 Rhe3 61. Qxb7 Kg4 62. Qg7 Re2+ 0-1

[Event "XII Paracin Festival 2019"]
[Site "Paracin"]
[Date "2019.07.11"]
[Round "8.13"]
[White "Stefansson, Vignir Vatnar"]
[Black "Stankovic, Milos"]
[Result "0-1"]
[ECO "A45"]
[WhiteElo "2293"]
[BlackElo "2462"]
[Annotator "ChessBase"]
[PlyCount "46"]
[EventDate "2019.07.05"]
[EventType "swiss"]
[EventCountry "SRB"]
[SourceTitle "playchess.com"]
[Source "ChessBase"]
[SourceQuality "1"]
[TimeControl "5400+30"]

1. d4 Nf6 2. Nc3 e6 3. Bf4 d5 4. Nb5 Na6 5. e3 c6 6. Nc3 Qb6 7. a3 c5 8. dxc5 Nxc5 9. Nb5 Na6 10. a4 Be7 11. Nf3 O-O 12. c3 Bd7 13. Qd4 Rfc8 14. a5 Qd8 15. b4 Ne4 16. Bd3 Bxb5 17. Bxb5 Nxc3 18. Bxa6 bxa6 19. Nd2 Qd7 20. Rc1 Nb5 21. Rxc8+ Rxc8 22. Qb2 Bf6 23. Qb1 Na3 0-1

[Event "XII Paracin Festival 2019"]
[Site "Paracin"]
[Date "2019.07.11"]
[Round "8.14"]
[White "Franklin, Samuel G A"]
[Black "Pikula, Dejan"]
[Result "0-1"]
[ECO "B43"]
[WhiteElo "2339"]
[BlackElo "2447"]
[Annotator "NA"]
[PlyCount "160"]
[EventDate "2019.07.05"]
[EventType "swiss"]
[EventCountry "SRB"]
[SourceTitle "playchess.com"]
[Source "ChessBase"]
[SourceQuality "1"]
[TimeControl "5400+30"]

1. e4 c5 2. Nf3 e6 3. d4 cxd4 4. Nxd4 a6 5. Nc3 Qc7 6. Bd3 Nf6 7. Qe2 d6 8. O-O Be7 9. f4 Nbd7 10. Kh1 O-O 11. Bd2 b5 12. Rae1 Nc5 13. b4 Nxd3 14. cxd3 Bb7 15. Rc1 Qd7 16. a3 Rac8 17. Rc2 g6 18. Rfc1 Rfe8 19. Be3 Bf8 20. Nb3 Nh5 21. Kg1 Bh6 22. Qf2 f5 23. exf5 exf5 24. Ne2 Rxc2 25. Rxc2 Qe6 26. Na5 Bxg2 27. Ng3 Nxg3 28. Kxg2 Nh1 29. Kxh1 Qxe3 30. Qxe3 Rxe3 31. Rc6 Rxd3 32. Rxa6 Bxf4 33. Nc6 Rd2 34. Na7 Rxh2+ 35. Kg1 Rd2 36. Nxb5 h5 37. Rc6 h4 38. Rc3 Bg3 39. Rc1 h3 40. Nc3 Bf4 41. Rd1 Rg2+ 42. Kh1 Be5 43. Nd5 Rh2+ 44. Kg1 Ra2 45. b5 Rxa3 46. Rb1 Ra7 47. b6 Rb7 48. Rc1 Bd4+ 49. Kh2 Rxb6 50. Nxb6 Bxb6 51. Rc6 Bd4 52. Kxh3 Be5 53. Rc7 Kf8 54. Rd7 Ke8 55. Rb7 Bf6 56. Kg3 Be7 57. Kf4 Kf7 58. Rb1 Bf6 59. Rd1 Be7 60. Rg1 Kf6 61. Rg2 Bf8 62. Kf3 Bh6 63. Rh2 Bg7 64. Rd2 Bf8 65. Rh2 g5 66. Rh8 Kg7 67. Rh5 Be7 68. Kg3 Bf6 69. Kf3 Kg6 70. Rh1 Be5 71. Rb1 g4+ 72. Ke3 Kg5 73. Rb8 Kh4 74. Rf8 f4+ 75. Kf2 Bd4+ 76. Kg2 f3+ 77. Kf1 Kh3 78. Rf4 Bc5 79. Rf5 g3 80. Rxf3 Kh2 0-1

[Event "XII Paracin Festival 2019"]
[Site "Paracin"]
[Date "2019.07.11"]
[Round "8.15"]
[White "Radovanovic, Nikola"]
[Black "Sadykov, Ramil"]
[Result "1/2-1/2"]
[ECO "D31"]
[WhiteElo "2431"]
[BlackElo "2342"]
[Annotator "NA"]
[PlyCount "96"]
[EventDate "2019.07.05"]
[EventType "swiss"]
[EventCountry "SRB"]
[SourceTitle "playchess.com"]
[Source "ChessBase"]
[SourceQuality "1"]
[TimeControl "5400+30"]

1. d4 d5 2. c4 e6 3. Nc3 Be7 4. Nf3 Nf6 5. cxd5 exd5 6. Bg5 c6 7. Qc2 g6 8. e3 Bf5 9. Bd3 Bxd3 10. Qxd3 O-O 11. Bxf6 Bxf6 12. b4 a6 13. O-O Nd7 14. a4 b5 15. a5 Be7 16. Rab1 Bd6 17. Ne2 Re8 18. Rfc1 Rc8 19. Rc2 Kg7 20. Qb3 Qe7 21. Nc1 Rc7 22. Nd3 h5 23. Rbc1 Rec8 24. Qb2 f6 25. Nd2 g5 26. Re1 f5 27. f3 Nf6 28. Nc5 Bxc5 29. Rxc5 g4 30. Qb1 gxf3 31. Nxf3 Ne4 32. Rc2 Nd6 33. Ne5 Qg5 34. Rf2 Rf8 35. Rf4 Kh6 36. Re2 Rf6 37. Qf1 Ne4 38. h4 Qg3 39. Rxf5 Qxh4 40. Rxf6+ Nxf6 41. Rf2 Ng4 42. Nxg4+ hxg4 43. Rf5 Kg6 44. Rf8 Kg7 45. Qf4 Qe1+ 46. Kh2 Qh4+ 47. Kg1 Qe1+ 48. Kh2 Qh4+ 1/2-1/2

[Event "XII Paracin Festival 2019"]
[Site "Paracin"]
[Date "2019.07.11"]
[Round "8.16"]
[White "Chen, Peng"]
[Black "Djordjevic, Vuk"]
[Result "0-1"]
[ECO "C03"]
[WhiteElo "2328"]
[BlackElo "2412"]
[Annotator "NA"]
[PlyCount "122"]
[EventDate "2019.07.05"]
[EventType "swiss"]
[EventCountry "SRB"]
[SourceTitle "playchess.com"]
[Source "ChessBase"]
[SourceQuality "1"]
[TimeControl "5400+30"]

1. e4 e6 2. d4 d5 3. Nd2 Be7 4. Bd3 c5 5. dxc5 Nf6 6. Qe2 O-O 7. Ngf3 a5 8. e5 Nfd7 9. h4 f5 10. exf6 Nxf6 11. Ne5 Nbd7 12. Ndf3 Nxc5 13. Bg5 Nfe4 14. O-O-O a4 15. a3 Bf6 16. Be3 Nxd3+ 17. cxd3 Qc7+ 18. Qc2 Qxc2+ 19. Kxc2 Nxf2 20. Bxf2 Bxe5 21. Nxe5 Rxf2+ 22. Rd2 Rf5 23. Re2 b6 24. Kd2 Bb7 25. Rc1 d4 26. Rc7 Bd5 27. Nc6 Bxc6 28. Rxc6 Rb5 29. Ke1 e5 30. Re6 Rb3 31. Rd2 Ra5 32. Re7 h5 33. g4 Rc5 34. g5 Kh7 35. Kd1 Kg6 36. Ra7 Ra5 37. Re7 Rc5 38. Ra7 b5 39. Rb7 Rc6 40. Re7 Rc5 41. Rb7 Rc6 42. Re7 Kf5 43. Rxg7 Kg4 44. g6 Kxh4 45. Rg8 Kg5 46. Rg2+ Kh6 47. Rh8+ Kg7 48. Rh7+ Kg8 49. Rxh5 Rxd3+ 50. Ke2 e4 51. Rgh2 Rc2+ 52. Ke1 Rc1+ 53. Ke2 Rc2+ 54. Ke1 Rxh2 55. Rxh2 e3 56. Rc2 Rb3 57. Rc8+ Kg7 58. Rd8 d3 59. Rd6 b4 60. axb4 a3 61. Rxd3 Rxd3 0-1

[Event "XII Paracin Festival 2019"]
[Site "Paracin"]
[Date "2019.07.11"]
[Round "8.17"]
[White "McPhillips, Joseph"]
[Black "Audi Ameya"]
[Result "1-0"]
[ECO "B40"]
[WhiteElo "2412"]
[BlackElo "2328"]
[Annotator "NA"]
[PlyCount "83"]
[EventDate "2019.07.05"]
[EventType "swiss"]
[EventCountry "SRB"]
[SourceTitle "playchess.com"]
[Source "ChessBase"]
[SourceQuality "1"]
[TimeControl "5400+30"]

1. e4 c5 2. Nf3 e6 3. c3 Nf6 4. Bd3 d5 5. e5 Nfd7 6. Bc2 c4 7. O-O Nc6 8. Re1 g5 9. d4 cxd3 10. Ba4 h6 11. Nd4 Bg7 12. Nxc6 bxc6 13. Bxc6 Rb8 14. Qxd3 O-O 15. Bxd7 Bxd7 16. Nd2 f6 17. exf6 Qxf6 18. Qg3 g4 19. Nb3 e5 20. Be3 a5 21. Rad1 Be6 22. Bc5 Rfd8 23. Nxa5 Rxb2 24. Nc6 Re8 25. Rxe5 Rxa2 26. Bd4 Qf7 27. Re3 Rc8 28. Bxg7 Rxc6 29. Bxh6 d4 30. cxd4 Bc8 31. Rde1 Bd7 32. Rf3 Re6 33. Qxg4+ Kh8 34. Be3 Qg7 35. Qh4+ Kg8 36. Rg3 Rg6 37. Qd8+ Kh7 38. Qh4+ Kg8 39. Rxg6 Qxg6 40. Qd8+ Qe8 41. Qg5+ Kh7 42. Bd2 1-0

[Event "XII Paracin Festival 2019"]
[Site "Paracin"]
[Date "2019.07.11"]
[Round "8.18"]
[White "Nandhidhaa, P V"]
[Black "Lee, Jun Hyeok"]
[Result "1-0"]
[ECO "B30"]
[WhiteElo "2259"]
[BlackElo "2383"]
[Annotator "NA"]
[PlyCount "89"]
[EventDate "2019.07.05"]
[EventType "swiss"]
[EventCountry "SRB"]
[SourceTitle "playchess.com"]
[Source "ChessBase"]
[SourceQuality "1"]
[TimeControl "5400+30"]

1. e4 c5 2. Nf3 Nc6 3. Bb5 d6 4. Bxc6+ bxc6 5. O-O e5 6. d3 Be7 7. Nbd2 f5 8. exf5 Bxf5 9. Ne4 Nf6 10. Ng3 Bd7 11. Nh4 g6 12. Nf3 h6 13. c3 g5 14. Qe2 g4 15. Nh4 Nd5 16. Nhf5 Bxf5 17. Nxf5 Qd7 18. Qxg4 h5 19. Qe4 Kd8 20. Nxe7 Nxe7 21. d4 cxd4 22. cxd4 Qf5 23. Re1 Rf8 24. Qxf5 Rxf5 25. dxe5 dxe5 26. Bd2 Kd7 27. Rac1 Nd5 28. Rc4 Rb8 29. b3 Rb7 30. Rce4 Kd6 31. Bc1 Rb5 32. Rc4 Nb6 33. Ba3+ c5 34. Rc2 Ra5 35. Bb2 Rb5 36. Rd2+ Ke6 37. f4 c4 38. Bxe5 cxb3 39. axb3 Rxb3 40. Rd6+ Kf7 41. Rc1 Rb4 42. Rc7+ Ke8 43. Rxa7 Nc4 44. Re6+ Kd8 45. Bf6+ 1-0

[Event "XII Paracin Festival 2019"]
[Site "Paracin"]
[Date "2019.07.11"]
[Round "8.19"]
[White "Koksal, Ege"]
[Black "Raahul V S"]
[Result "1-0"]
[ECO "D07"]
[WhiteElo "2368"]
[BlackElo "2251"]
[Annotator "NA"]
[PlyCount "53"]
[EventDate "2019.07.05"]
[EventType "swiss"]
[EventCountry "SRB"]
[SourceTitle "playchess.com"]
[Source "ChessBase"]
[SourceQuality "1"]
[TimeControl "5400+30"]

1. d4 d5 2. c4 Nc6 3. Nf3 Bg4 4. Nc3 dxc4 5. d5 Bxf3 6. exf3 Ne5 7. Qd4 Nd3+ 8. Bxd3 cxd3 9. O-O Nf6 10. Bg5 e6 11. Bxf6 gxf6 12. Qe4 Bd6 13. dxe6 fxe6 14. Qxe6+ Qe7 15. Qf5 d2 16. Rad1 Rd8 17. f4 Qd7 18. Qh5+ Qf7 19. Qe2+ Kd7 20. Qxd2 Kc8 21. Qe3 a6 22. Ne4 Qxa2 23. Qa7 Kd7 24. Nxd6 cxd6 25. Qxb7+ Ke6 26. Rfe1+ Kf5 27. Qe4+ 1-0

[Event "XII Paracin Festival 2019"]
[Site "Paracin"]
[Date "2019.07.11"]
[Round "8.20"]
[White "Jocev, Milan"]
[Black "Savic, Miodrag R"]
[Result "0-1"]
[ECO "D38"]
[WhiteElo "2297"]
[BlackElo "2503"]
[Annotator "ChessBase"]
[PlyCount "108"]
[EventDate "2019.07.05"]
[EventType "swiss"]
[EventCountry "SRB"]
[SourceTitle "playchess.com"]
[Source "ChessBase"]
[SourceQuality "1"]
[TimeControl "5400+30"]

1. Nf3 Nf6 2. c4 e6 3. Nc3 d5 4. d4 Bb4 5. Bg5 O-O 6. e3 Nbd7 7. Rc1 h6 8. Bh4 dxc4 9. Bxc4 c5 10. O-O cxd4 11. Qxd4 Nb6 12. Bb3 Qxd4 13. Nxd4 Bd7 14. a3 Be7 15. e4 Bc5 16. Bxf6 gxf6 17. Rfd1 Rac8 18. Kf1 Rfd8 19. Nc2 Kf8 20. Ke2 Ke7 21. Rd3 Bd6 22. Rcd1 Be5 23. Ne3 Rc5 24. Ng4 Bxc3 25. Rxc3 Rxc3 26. bxc3 h5 27. Ne3 Rc8 28. Kd2 h4 29. h3 Rc5 30. f3 Ra5 31. Ra1 Bc6 32. Bc2 Kd6 33. f4 Ke7 34. Bd3 Na4 35. Rb1 Nc5 36. Nc4 Ra4 37. Rb4 Rxb4 38. cxb4 Nxe4+ 39. Bxe4 Bxe4 40. Ne3 e5 41. f5 Kf8 42. Ke2 Kg7 43. Kf2 Kh6 44. g3 Kg5 45. Nc4 Bxf5 46. Nd6 Bxh3 47. Nxb7 hxg3+ 48. Kxg3 Be6 49. Nd6 f5 50. a4 e4 51. b5 f4+ 52. Kf2 e3+ 53. Ke2 Kf6 54. a5 Ke5 0-1

[Event "XII Paracin Festival 2019"]
[Site "Paracin"]
[Date "2019.07.11"]
[Round "8.21"]
[White "Cabarkapa, Novak"]
[Black "Peng, Shunkai"]
[Result "1/2-1/2"]
[ECO "A45"]
[WhiteElo "2444"]
[BlackElo "2300"]
[Annotator "NA"]
[PlyCount "41"]
[EventDate "2019.07.05"]
[EventType "swiss"]
[EventCountry "SRB"]
[SourceTitle "playchess.com"]
[Source "ChessBase"]
[SourceQuality "1"]
[TimeControl "5400+30"]

1. d4 Nf6 2. Nc3 d5 3. Bf4 e6 4. e3 Bd6 5. Nf3 Bxf4 6. exf4 O-O 7. Ne5 b6 8. Qf3 c5 9. O-O-O Nfd7 10. Qg3 cxd4 11. Nb5 Ba6 12. Nxd4 Bxf1 13. Rhxf1 Nxe5 14. fxe5 Qd7 15. c3 Nc6 16. Nxc6 Qxc6 17. Rd4 Rfc8 18. h4 Qb5 19. Rfd1 Rc4 20. h5 h6 21. Qd3 1/2-1/2

[Event "XII Paracin Festival 2019"]
[Site "Paracin"]
[Date "2019.07.11"]
[Round "8.22"]
[White "Mitev, Valentin"]
[Black "Froewis, Georg"]
[Result "0-1"]
[ECO "D47"]
[WhiteElo "2296"]
[BlackElo "2434"]
[Annotator "NA"]
[PlyCount "146"]
[EventDate "2019.07.05"]
[EventType "swiss"]
[EventCountry "SRB"]
[SourceTitle "playchess.com"]
[Source "ChessBase"]
[SourceQuality "1"]
[TimeControl "5400+30"]

1. d4 d5 2. c4 e6 3. Nc3 c6 4. e3 Nf6 5. Nf3 Nbd7 6. Bd3 dxc4 7. Bxc4 b5 8. Bd3 Bd6 9. O-O O-O 10. Qc2 Bb7 11. Ne4 Nxe4 12. Bxe4 Nf6 13. Bd3 c5 14. dxc5 Rc8 15. e4 Rxc5 16. Qe2 Qa8 17. Re1 e5 18. Be3 Rcc8 19. Bg5 Nd7 20. Nh4 Bb4 21. Qg4 f6 22. Bh6 Rf7 23. Nf5 g6 24. Re3 Rc7 25. a3 Bc5 26. Rh3 Nf8 27. b4 Bd4 28. Re1 Qc8 29. Bxf8 Rxf8 30. Bxb5 Bxe4 31. Nh6+ Kg7 32. Qxe4 f5 33. Qh4 Kh8 34. Rd3 Qd8 35. Qxd8 Rxd8 36. Bc4 Kg7 37. Nf7 Rdc8 38. Nd6 Rxc4 39. Nxc8 Rxc8 40. Red1 Rc2 41. R3d2 Rc3 42. Ra2 Kf6 43. Kf1 Ke6 44. Ke2 g5 45. Rd3 Rc1 46. Rd1 Rc3 47. Rd3 Rc1 48. Rh3 Bc3 49. Rh6+ Kd5 50. f3 Kc4 51. Ra6 Kb3 52. Rd2 Bxd2 53. Kxd2 Rc2+ 54. Ke3 Rxg2 55. Rxa7 h5 56. b5 Kc4 57. a4 f4+ 58. Ke4 Re2+ 59. Kf5 g4 60. Rc7+ Kd5 61. Rd7+ Kc5 62. Rc7+ Kd6 63. b6 gxf3 64. Rc1 f2 65. a5 Rb2 66. Rd1+ Kc6 67. Rc1+ Kb7 68. Rc7+ Ka6 69. Rc1 Re2 70. Rf1 e4 71. Kxf4 e3 72. Kf3 Re1 73. Kg2 Kb7 0-1

[Event "XII Paracin Festival 2019"]
[Site "Paracin"]
[Date "2019.07.11"]
[Round "8.23"]
[White "Gan-Od, Sereenen"]
[Black "Soysal, Serkan"]
[Result "1/2-1/2"]
[ECO "A16"]
[WhiteElo "2294"]
[BlackElo "2431"]
[Annotator "NA"]
[PlyCount "144"]
[EventDate "2019.07.05"]
[EventType "swiss"]
[EventCountry "SRB"]
[SourceTitle "playchess.com"]
[Source "ChessBase"]
[SourceQuality "1"]
[TimeControl "5400+30"]

1. c4 Nf6 2. Nc3 d5 3. cxd5 Nxd5 4. Nf3 g6 5. g3 Bg7 6. Bg2 O-O 7. O-O Nc6 8. Qa4 Nb6 9. Qh4 e5 10. Qxd8 Rxd8 11. a4 a5 12. Nb5 Rd7 13. d3 Nb4 14. Bd2 c6 15. Nc3 f5 16. Be3 N6d5 17. Nxd5 Nxd5 18. Bc5 b6 19. Ba3 Rd8 20. Rac1 c5 21. Nd2 Be6 22. Nc4 Rab8 23. b3 e4 24. dxe4 Nc3 25. Rc2 Nxe4 26. Bc1 Bxc4 27. bxc4 Rd7 28. g4 Rbd8 29. gxf5 gxf5 30. Bh3 Rf7 31. f3 Nc3 32. e4 Nxa4 33. Bxf5 Rxf5 34. exf5 Kf7 35. Kg2 Rd3 36. Re1 Kf6 37. Re6+ Kxf5 38. Re7 Bd4 39. Rxh7 Rd1 40. Rh5+ Kg6 41. Rd5 Nc3 42. Rd6+ Kf5 43. Bb2 Rg1+ 44. Kh3 Rf1 45. Bxc3 Rxf3+ 46. Kg2 Rxc3 47. Rxc3 Bxc3 48. Kf3 Be5 49. Rxb6 Bxh2 50. Ra6 Ke5 51. Ke3 Bg1+ 52. Kd3 Bd4 53. Rxa5 Kd6 54. Ke4 Kc6 55. Ra6+ Kb7 56. Rh6 Bf2 57. Kd5 Be3 58. Rc6 Bf2 59. Kd6 Be3 60. Kd7 Bd4 61. Rg6 Bc3 62. Kd6 Bb4 63. Rg3 Kb6 64. Rb3 Kb7 65. Rb1 Kb6 66. Rxb4+ cxb4 67. c5+ Ka7 68. c6 b3 69. c7 b2 70. c8=Q b1=Q 71. Qc7+ Qb7 72. Qxb7+ Kxb7 1/2-1/2

[Event "XII Paracin Festival 2019"]
[Site "Paracin"]
[Date "2019.07.11"]
[Round "8.24"]
[White "Lajthajm, Borko"]
[Black "Martic, Zlatko"]
[Result "0-1"]
[ECO "B15"]
[WhiteElo "2424"]
[BlackElo "2283"]
[Annotator "NA"]
[PlyCount "64"]
[EventDate "2019.07.05"]
[EventType "swiss"]
[EventCountry "SRB"]
[SourceTitle "playchess.com"]
[Source "ChessBase"]
[SourceQuality "1"]
[TimeControl "5400+30"]

1. e4 c6 2. d4 d5 3. Nd2 dxe4 4. Nxe4 Nf6 5. Nxf6+ exf6 6. Bc4 Bd6 7. Ne2 O-O 8. Bf4 Bxf4 9. Nxf4 Re8+ 10. Ne2 Be6 11. Bd3 Na6 12. O-O Nb4 13. Re1 Nxd3 14. Qxd3 Qb6 15. a3 Rad8 16. b4 a5 17. c3 axb4 18. axb4 g6 19. Nf4 Bd5 20. Qg3 Ra8 21. Nh5 Rxe1+ 22. Rxe1 Qd8 23. h4 Kf8 24. Qf4 gxh5 25. Qh6+ Kg8 26. Re3 Qd6 27. f4 Kh8 28. Kh2 Rg8 29. g3 b5 30. Qxh5 Qf8 31. f5 Qa8 32. Qd1 Re8 0-1